 Seeded DCSS version 0.29-a0-334-gb41bcbb86e (webtiles) character file.

Game seed: 16596395900720043157 (custom seed)

44 stormannn the Gusty (level 3, 0/19 HPs)
             Began as a Deep Elf Air Elementalist on Apr 14, 2022.
             Slain by a goblin
             ... wielding a +0 club
             ... led by Robin
              (2 damage)
             ... on level 2 of the Dungeon.
             The game lasted 00:03:59 (1011 turns).

stormannn the Gusty (Deep Elf Air Elementalist)     Turns: 1011, Time: 00:04:00

Health: 0/19       AC:  3    Str:  5    XL:     3   Next: 41%
Magic:  1/10       EV: 13    Int: 21    God:
Gold:   72         SH:  0    Dex: 15    Spells: 6/9 levels left

rFire   . . .      SeeInvis .   h - +1 dagger (drain)
rCold   . . .      Faith    .   (no shield)
rNeg    . . .      Spirit   .   a - +0 robe
rPois   .          Reflect  .   f - +0 helmet
rElec   .          Harm     .   (no cloak)
rCorr   .          Rampage  .   (no gloves)
Will    .....                   (no boots)
Stlth   ++........              (no amulet)
HPRegen 0.06/turn               (no ring)
MPRegen 0.12/turn               (no ring)

@: no status effects
A: no striking features
a: no special abilities


You were on level 2 of the Dungeon.
You visited 1 branch of the dungeon, and saw 2 of its levels.

You collected 72 gold pieces.

Inventory:

Hand Weapons
 h - a +1 dagger of draining (weapon)
Armour
 a - a +0 robe (worn)
 f - a +0 helmet (worn)
Scrolls
 d - a scroll of noise
 e - 3 scrolls of teleportation
 i - a scroll of fog
 j - 2 scrolls of identify
Potions
 b - 2 potions of magic
 c - a potion of might
 g - 2 potions of haste {unknown}


   Skills:
 + Level 3.0 Dodging
 - Level 2.4 Stealth
 + Level 3.6 Spellcasting
 + Level 1.8 Conjurations
 * Level 3.6 Air Magic


You had 6 spell levels left.
You knew the following spells:

 Your Spells              Type           Power      Damage    Failure   Level
a - Shock                 Conj/Air       60%        1d6       4%          1
b - Static Discharge      Conj/Air       15%        N/A       6%          2

Your spell library contained the following spells:

 Spells                   Type           Power      Damage    Failure   Level
 Magic Dart               Conj           44%        1d5       6%          1
 Swiftness                Air            19%        N/A       9%          3
 Call Imp                 Summ           3%         N/A       19%         2
 Mephitic Cloud           Conj/Pois/Air  11%        N/A       19%         3
 Airstrike                Air            9%         N/A       28%         4
 Inner Flame              Hex/Fire       3%         N/A       36%         3
 Ozocubu's Armour         Ice            3%         N/A       36%         3
 Summon Guardian Golem    Hex/Summ       3%         N/A       36%         3
 Fulminant Prism          Conj/Hex       3%         3d6       65%         4
 Lightning Bolt           Conj/Air       7%         1d20      75%         5
 Cause Fear               Hex            1%         N/A       77%         4
 Silence                  Hex/Air        5%         N/A       86%         5
 Summon Mana Viper        Hex/Summ       3%         N/A       98%         5
 Orb of Destruction       Conj           5%         9d5       100%        7
 Ozocubu's Refrigeration  Ice            1%         4d5       100%        7
 Spellforged Servitor     Conj/Summ      3%         N/A       100%        7
 Discord                  Hex            1%         N/A       100%        8


Dungeon Overview and Level Annotations

Branches:
Dungeon (2/15)

Altars:
Gozag

Shops:
D:1 :

Annotations:
D:2 Sigmund


Message History

Casting: Static Discharge (safe; 6% risk of failure)
Confirm with . or Enter, or press ? or * to list all spells.
You don't have enough magic to cast this spell.
Casting: Static Discharge (safe; 6% risk of failure)
Confirm with . or Enter, or press ? or * to list all spells.
You don't have enough magic to cast this spell.
You barely miss Robin.
Robin is almost dead.
Robin barely misses you.
You hit Robin but do no damage.
Robin is almost dead.
Robin misses you.
Casting: Static Discharge (safe; 6% risk of failure)
Confirm with . or Enter, or press ? or * to list all spells.
Robin is struck by an arc of lightning!
You kill Robin!
You are struck by an arc of lightning.
The lightning grounds out.
Your Dodging skill increases to level 3!
You start resting.
A goblin is nearby!
Items here: )) [[ †.
The goblin shouts!
You hear a shout! x2
You see here a +0 dagger.
Items here: ! )) ††.
Casting: Static Discharge (safe; 6% risk of failure)
Confirm with . or Enter, or press ? or * to list all spells.
Aiming: Shock (safe; 4% risk of failure)
Press: ? - help, Shift-Dir - straight line, f - goblin
Aim: a goblin, wielding a +0 club (64% to hit)
The zap hits the goblin.
The goblin is heavily wounded.
A hobgoblin comes into view.
Sigmund the Dreaded comes into view.
He is wielding a +0 scythe.
The goblin barely misses you.
Sigmund shouts!
Sigmund points at you and mumbles some strange words.
The magic dart hits you!
* * * LOW HITPOINT WARNING * * *
The goblin hits you with a +0 club.
You die...

. .............# ## ..
ggg.......##.# ... ##..
.gg.......###.#####... ...
...gg................#
###....######..###.#...###
#...#........#.###.#...#
..# ##.#####...........#
### #.. #......g....#.+ #
##.####)####g@#.#.# #
#....)).# ##.#.#.###
#...##### #.......#
####.####### ###..####
.....##....########..###.##
............).......@......
......#....#####..>........
####.......# #............
##......# #............


You could see Sigmund, a hobgoblin and a goblin.

Vanquished Creatures
  Robin (D:2)
  An endoplasm (D:2)
  A giant cockroach (D:1)
  6 goblins
  7 hobgoblins
  4 jackals (D:1)
  A kobold (D:1)
  A quokka (D:2)
  2 ball pythons (D:1)
  A bat (D:1)
  3 frilled lizards (D:1)
28 creatures vanquished.

Notes
Turn   | Place    | Note
-------+----------+-------------------------------------------
     0 | D:1      | stormannn the Deep Elf Air Elementalist began the quest for
                  | the Orb.
     0 | D:1      | Reached XP level 1. HP: 10/10 MP: 6/6
   142 | D:1      | Reached XP level 2. HP: 13/15 MP: 0/8
   384 | D:1      | Got Qosierch's Grimoire of Malediction and Feathers
   388 | D:1      | Learned a level 2 spell: Static Discharge
   506 | D:1      | Found Jet Riuxi's Book Shop.
   843 | D:2      | Found an opulent altar of Gozag.
   852 | D:2      | Noticed Robin
   872 | D:2      | Reached XP level 3. HP: 19/19 MP: 3/9
   993 | D:2      | Killed Robin
  1009 | D:2      | Noticed Sigmund
  1011 | D:2      | Slain by a goblin

Illustrated notes

Levels and vault maps discovered:
D:1:      amcnicky_arrival_blooded_trapdoor, layout_rooms, serial_shops,
          shop_statue
D:2:      layout_rooms, basic_altar, kennysheep_generic_room_3, uniq_robin,
          uniq_sigmund

Skill      XL: |  1  2  3 |
---------------+----------+-----
Dodging        | 3 |  3.0
Stealth        | |  2.4
Spellcasting   | |  3.6
Conjurations   | |  1.8
Air Magic      | |  3.6

Action                   || total
-------------------------++-------
Melee: Dagger            ||     2
 Cast: Shock             ||    35
       Static Discharge  ||     9
  Use: Scroll            ||     5
Armor: Robe              ||     1
Dodge: Dodged            ||     7

Table legend: (Time is in decaauts)
 A = Elapsed time spent in this place.
 B = Non-inter-level travel time spent in this place.
 C = Inter-level travel time spent in this place.
 D = Time resting spent in this place.
 E = Time spent auto-exploring this place.
 F = Levels seen in this place.
 G = Mean time per level.
                   A        B        C        D        E       F      G
               +--------+--------+--------+--------+--------+-----+--------+
         Total |   1010 |    978 |     32 |    351 |    416 |   2 |  505.0 |
       Dungeon |   1010 |    978 |     32 |    351 |    416 |   2 |  505.0 |
               +--------+--------+--------+--------+--------+-----+--------+

Top non-repeatable levels by time:
     D:1: 655 daAuts
     D:2: 354 daAuts
